 Dungeon Crawl Stone Soup version 0.31-a0-1237-gabc64e778c (webtiles) character file.

Game seed: 885001107858588961

137 LeprechaunX the Changeling (level 5, -2/35 HPs)
             Began as an Octopode Shapeshifter on Dec 15, 2023.
             Was an Initiate of Ashenzari.
             Killed by divine providence
             ... invoked by an orc priest
              (17 damage)
             ... on level 3 of the Dungeon.
             The game lasted 00:02:14 (1962 turns).

LeprechaunX the Changeling (Octopode Shapeshifter)  Turns: 1962, Time: 00:02:15

Health: -2/35      AC:  1    Str: 18    XL:     5   Next: 20%
Magic:  5/5        EV: 13    Int: 12    God:    Ashenzari [......]
Gold:   109        SH:  0    Dex: 13    Spells: 4/4 levels left

rFire   . . .        b - +7 mace of Benevolence {pain, Str+4}
rCold   . . .        (no shield)
rNeg    . . .        (helmet currently unavailable)
rPois   .            (no amulet)
rElec   .            (no ring)
rCorr   .            (no ring)
SInv    .            (no ring)
Will    .....        (no ring)
Stlth   ++           (no ring)
HPRegen 0.25/turn    (no ring)
MPRegen 0.09/turn    (no ring)
                     (no ring)

%: no passive effects
@: beast-form
A: beast (slay +2), almost no armour, amphibious, 8 rings, camouflage 1,
gelatinous body 1, (nimble swimmer 1), tentacles
a: Begin Untransformation, Renounce Religion


You were on level 3 of the Dungeon.
You worshipped Ashenzari.
Ashenzari was noncommittal.
You were a hulking beast.
You visited 1 branch of the dungeon, and saw 3 of its levels.

You collected 109 gold pieces.

Inventory:

Hand Weapons
 a - a +0 sling
 b - the +7 mace of Benevolence (weapon) {pain, Str+4}
   (You found it on level 2 of the Dungeon)

   Str+4:     It affects your strength (+4).
Missiles
 i - 4 boomerangs
 n - 5 atropa-tipped darts
Talismans
 c - a flux talisman
 m - a beast talisman
Scrolls
 d - a scroll of enchant weapon {unknown}
 f - a scroll of noise {unknown}
 h - 3 scrolls of poison {unknown}
 j - 2 scrolls of teleportation {unknown}
 k - a scroll of brand weapon {unknown}
 l - 3 scrolls of identify {unknown}
Potions
 e - 3 potions of lignification
 g - a potion of resistance {unknown}
 o - a potion of brilliance {unknown}


   Skills:
 + Level 2.3 Fighting
 + Level 1.2 Throwing
 - Level 2.0 Dodging
 + Level 3.7 Unarmed Combat
 * Level 4.2 Shapeshifting


You had 4 spell levels left.
You didn't know any spells.
Your spell library contained the following spells:

 Spells                   Type           Power      Damage    Failure   Level
 Blink                    Tloc           0%         N/A       45%         2
 Lesser Beckoning         Tloc           0%         N/A       45%         2
 Momentum Strike          Conj/Tloc      0%         3d8       45%         2
 Scorch                   Fire           0%         2d5       45%         2
 Ozocubu's Armour         Ice            0%         N/A       69%         3
 Flame Wave               Conj/Fire      0%         2d4       97%         4
 Summon Cactus Giant      Summ           0%         N/A       100%        6
 Ozocubu's Refrigeration  Ice            0%         4d7       100%        7


Dungeon Overview and Level Annotations

Branches:
Dungeon (3/15)

Altars:
Ashenzari
Vehumet
Xom


Innate Abilities, Weirdness & Mutations

You are a hulking beast.
Your limbs bulge with bestial killing power. (Slay +2)
You cannot wear most types of armour.
You are amphibious.
You can wear up to eight rings at the same time.
Your skin changes colour to match your surroundings (Stealth+).
Your rubbery body absorbs attacks. (AC +1, EV +1)
((You are camouflaged when in or above water. (Stealth+)))
You have tentacles for arms and can constrict up to eight enemies at once.


Message History

Found a radiant altar of Vehumet.
You enter the deep water.
There is an open door here.
An orc comes into view. It is wielding a +0 short sword.
An orc is nearby!
An orc is nearby!
An orc wizard comes into view. It is wielding a +0 dagger.
Found a scroll labelled IMMETH ATATYM.
The orc shouts!
The orc wizard shouts!
You hear a shout! x2
An orc comes into view. It is wielding a +0 hand axe.
Found a shimmering altar of Xom.
You barely miss the orc. You grab the orc. You tentacle-slap the orc.
The orc is heavily wounded.
You constrict the orc.
You kill the orc!
The orc barely misses you.
You see here a +0 short sword.
You sock the orc wizard! Your grab misses the orc wizard.
The orc wizard is severely wounded.
The orc hits you with a +0 hand axe.
The orc wizard points at you and mumbles some strange words.
The puff of flame misses you.
An orc comes into view. It is wielding a +0 club.
You closely miss the orc wizard. You grab the orc wizard.
You squeeze the orc wizard.
You kill the orc wizard!
The orc hits you with a +0 hand axe.
An orc priest comes into view. It is wielding a +0 heavy mace.
The orc barely misses you.
You have reached level 5!
You feel stronger.
Unknown command.
You closely miss the orc. Your grab misses the orc.
The orc hits you with a +0 hand axe.
Unknown command.
You closely miss the orc. Your grab misses the orc.
The orc hits you with a +0 hand axe. The orc closely misses you.
The orc priest mumbles some strange prayers to Beogh against you.
Beogh smites you!
You die...

#.## # # #.#
#.# #
#.######...# #
####.##......##
#
#..............
#
#.#..##..###...
# #. ##.....# #
.. ##....# ..
#h#......_ .
#ooo.#..#...
#..##.#..# .#
#.. #.#.... #
... ..#.....
?... ..# ###.
#.... .# #....


You could see an orc priest and 2 orcs.

Vanquished Creatures
  Terence (D:2)
  An orc wizard (D:3)
  3 adders (D:2)
  A dart slug (D:1)
  2 worms (D:2)
  An orc (D:3)
  2 endoplasms (D:2)
  3 giant cockroaches
  6 goblins
  4 hobgoblins (D:1)
  2 quokkas (D:1)
  5 ball pythons
  6 bats
  5 frilled lizards
  5 kobolds
  7 rats
54 creatures vanquished.

Notes
Turn   | Place    | Note
-------+----------+-------------------------------------------
     0 | D:1      | LeprechaunX the Octopode Shapeshifter began the quest for
                  | the Orb.
     0 | D:1      | Reached XP level 1. HP: 13/13 MP: 1/1
    65 | D:1      | Reached XP level 2. HP: 5/18 MP: 2/2
   487 | D:1      | Reached XP level 3. HP: 20/23 MP: 3/3
  1009 | D:2      | Reached XP level 4. HP: 29/29 MP: 4/4
  1191 | D:2      | Identified the +7 mace of Benevolence {pain, Str+4}
  1421 | D:2      | Found a faded altar of an unknown god.
  1638 | D:2      | Noticed Terence
  1646 | D:2      | Killed Terence
  1647 | D:2      | Reached skill level 1 in Throwing
  1647 | D:2      | Reached skill level 4 in Shapeshifting
  1850 | D:3      | Found a broken altar of Ashenzari.
  1856 | D:3      | Became a worshipper of Ashenzari the Shackled
  1885 | D:3      | Found a radiant altar of Vehumet.
  1956 | D:3      | Found a shimmering altar of Xom.
  1961 | D:3      | Reached XP level 5. HP: 24/35 MP: 5/5
  1962 | D:3      | Killed from afar by an orc priest

Illustrated notes

Levels and vault maps discovered:
D:1:      giann_wishing_wells, layout_basic, hangedman_decor_push
D:2:      layout_basic, hellmonk_ecumenical_altar_inner_sanctum, minivault_14,
          chequers_jeans, minmay_pentomino_pile, uniq_terence
D:3:      layout_loops_cross, mainiacjoe_overflow_two_lobes,
          nicolae_overflow_crystal_walls, gammafunk_ghost_nasty_kobolds

Skill      XL: |  1  2  3  4 |
---------------+-------------+-----
Fighting       | 2 |  2.3
Throwing       | 1 |  1.2
Shapeshifting  | 4 |  4.2
Dodging        | |  2.0
Unarmed Combat | |  3.7

Action                     |  1- 3 |  4- 6 || total
---------------------------+-------+-------++-------
  Melee: Unarmed           |    64 |    10 ||    74
         Constrict         |    19 |     8 ||    27
         Tentacles         |     7 |     5 ||    12
         Mace              |       |    23 ||    23
         Punch             |       |     2 ||     2
   Stab: Sleeping          |     4 |     5 ||     9
         Distracted        |       |     1 ||     1
 Armour: Skin              |    24 |    10 ||    34
  Dodge: Dodged            |    46 |    17 ||    63

Table legend: (Time is in decaauts)
 A = Elapsed time spent in this place.
 B = Non-inter-level travel time spent in this place.
 C = Inter-level travel time spent in this place.
 D = Time resting spent in this place.
 E = Time spent auto-exploring this place.
 F = Levels seen in this place.
 G = Mean time per level.
                   A        B        C        D        E       F      G
               +--------+--------+--------+--------+--------+-----+--------+
         Total |   1964 |   1877 |     87 |      0 |   1530 |   3 |  654.7 |
       Dungeon |   1964 |   1877 |     87 |      0 |   1530 |   3 |  654.7 |
               +--------+--------+--------+--------+--------+-----+--------+

Top non-repeatable levels by time:
     D:2: 1106 daAuts
     D:1: 689 daAuts
     D:3: 168 daAuts
